 Dungeon Crawl Stone Soup version 0.30-a0-743-gbfdf073431 (webtiles) character file.

Game seed: 4782927607703414502

25 scionoferis the Vexing (level 2, -2/23 HPs)
             Began as a Demigod Hexslinger on Feb 5, 2023.
             Slain by an adder (3 damage)
             ... on level 2 of the Dungeon.
             The game lasted 00:02:11 (855 turns).

scionoferis the Vexing (Demigod Hexslinger)          Turns: 855, Time: 00:02:11

Health: -2/23      AC:  3    Str: 11    XL:     2   Next: 63%
Magic:  5/5        EV: 12    Int: 21    God:
Gold:   59         SH:  0    Dex: 14    Spells: 2/3 levels left

rFire   . . .      SeeInvis .    e - +0 dagger
rCold   . . .      Faith    .    (no shield)
rNeg    . . .      Spirit   .    c - +0 robe
rPois   .          Reflect  .    (no helmet)
rElec   .          Harm     .    n - +0 cloak
rCorr   .          Rampage  .    (no gloves)
Will    .....                    (no boots)
Stlth   ++                       (no amulet)
HPRegen 0.23/turn                h - +6 ring of intelligence
MPRegen 0.09/turn                (no ring)

@: brilliant, lethally poisoned (-2 -> -4), hasted, very quick
A: high MP 1, forlorn, divine attributes
a: no special abilities


You were on level 2 of the Dungeon.
You visited 1 branch of the dungeon, and saw 2 of its levels.

You collected 59 gold pieces.


Innate Abilities, Weirdness & Mutations

You have an increased reservoir of magic. (+10% MP)
You shall have no god before yourself.
Your divine heritage dramatically boosts your attributes as you level up.


   Skills:
 + Level 1.4 Fighting
 - Level 1.7 Ranged Weapons
 * Level 2.5 Dodging
 + Level 1.1 Stealth
 - Level 1.0 Spellcasting
 - Level 2.6 Hexes


You had 2 spell levels left.
You knew the following spells:

 Your Spells              Type           Power      Damage    Failure   Level
a - Slow                  Hex            72%        N/A       5%          1

Your spell library contained the following spells:

 Spells                   Type           Power      Damage    Failure   Level
 Sting                    Tmut/Pois      4%         1d3       16%         1
 Poisonous Vapours        Pois/Air       2%         N/A       24%         2
 Inner Flame              Hex/Fire       10%        N/A       28%         3
 Portal Projectile        Hex/Tloc       20%        N/A       28%         3
 Cause Fear               Hex            9%         N/A       47%         4
 Olgreb's Toxic Radiance  Pois           1%         N/A       85%         4

Inventory:

Hand Weapons
 a - a +1 sling
 e - a +0 dagger (weapon)
   (You found it on level 1 of the Dungeon)
 j - a +0 dagger
   (You took it off a kobold on level 1 of the Dungeon)
Armour
 c - a +0 robe (worn)
 n - a +0 cloak (worn)
   (You found it on level 1 of the Dungeon)
 o - an orb of wrath
   (You found it on level 2 of the Dungeon)
Jewellery
 h - a +6 ring of intelligence (left hand)
   (You found it on level 1 of the Dungeon)
Scrolls
 b - a scroll of poison
 d - a scroll of amnesia {unknown}
 i - a scroll of teleportation {unknown}
 k - a scroll of magic mapping {unknown}
 l - a scroll of identify {unknown}
 m - a scroll of fog {unknown}

Dungeon Overview and Level Annotations

Branches:
Dungeon (2/15)

#.....~~~....
###..(....~....
.........~....
#............
#...........
#.≈......#
#.≈......#
#.~≈.@...#
###≈~#S.##
####~.#.##
..#≈.#.# #.#~≈#.#
#.#~~#.#
#...≈≈.####
########..~~~....
..........#~....#


You could see an adder.


Message History

Welcome, scionoferis the Demigod Hexslinger.
The heart of this dungeon contains the magnificent artefact, the Orb of Zot.
Press ? for a list of commands and other information.
Found a dagger and 17 gold pieces.
Found a staircase leading out of the dungeon.
You now have 17 gold pieces.
d - a scroll labelled AXZESO IRHEHO You see here a +0 dagger.
e - a +0 dagger You open the door.
There is an open door here.
A kobold comes into view. It is wielding a +0 club.
The kobold shouts!
You shoot a sling bullet.
The sling bullet closely misses the kobold.
You shoot a sling bullet. The sling bullet hits the kobold.
The kobold is moderately wounded.
You shoot a sling bullet.
The sling bullet barely misses the kobold.
The kobold throws a stone.
The stone closely misses you.
You shoot a sling bullet. The sling bullet hits the kobold.
You kill the kobold!
No target in view!
No target in view!
Things that are here:
a +0 club; 4 stones You now have 26 gold pieces (gained 9).
Found a stone staircase leading down.
Found 3 stones.
You now have 34 gold pieces (gained 8).
You now have 43 gold pieces (gained 9).
A ball python comes into view.
You shoot a sling bullet. The sling bullet hits the ball python.
The ball python hisses angrily.
The ball python is moderately wounded.
You shoot a sling bullet. The sling bullet hits the ball python.
You kill the ball python!
No target in view!
No target in view!
Found a ring mail.
A jackal comes into view.
You see here a ruby potion.
You shoot a sling bullet. The sling bullet hits the jackal!
You kill the jackal!
You hear a bark! x2
An endoplasm comes into view.
Your Fighting skill increases to level 1!
You shoot a sling bullet. The endoplasm quivers.
The sling bullet hits the endoplasm.
The endoplasm is heavily wounded.
You hear a bark!
A jackal comes into view. x2
You shoot a sling bullet. The sling bullet hits the endoplasm.
You kill the endoplasm!
Your Dodging skill increases to level 2!
A jackal comes into view.
You shoot a sling bullet. The sling bullet hits the jackal.
The jackal is severely wounded.
The jackal bites you. The jackal barely misses you.
You shoot a sling bullet.
The sling bullet barely misses the jackal.
The sling bullet hits the jackal.
The jackal is moderately wounded.
The jackal bites you but does no damage. x2
You shoot a sling bullet.
The sling bullet closely misses the jackal.
The sling bullet hits the jackal but does no damage.
The jackal is moderately wounded.
You hear a bark!
The jackal completely misses you. The jackal closely misses you.
You shoot a sling bullet.
The sling bullet completely misses the jackal.
The sling bullet hits the jackal.
The jackal is severely wounded.
The jackal bites you.
You shoot a sling bullet. The sling bullet misses the jackal.
The sling bullet hits the jackal.
You kill the jackal!
The jackal misses you. The jackal bites you.
You shoot a sling bullet. The sling bullet misses the jackal.
The sling bullet hits the jackal.
The jackal is moderately wounded.
The jackal barely misses you. x2
You shoot a sling bullet.
The sling bullet closely misses the jackal.
The sling bullet misses the jackal.
The jackal bites you but does no damage.
The jackal bites you.
You shoot a sling bullet. The sling bullet hits the jackal.
You kill the jackal!
The jackal bites you.
You shoot a sling bullet.
The sling bullet barely misses the jackal.
The jackal closely misses you. The jackal misses you.
You shoot a sling bullet.
The sling bullet barely misses the jackal.
The jackal closely misses you. x2
You shoot a sling bullet.
The sling bullet closely misses the jackal.
The jackal closely misses you.
You shoot a sling bullet.
The sling bullet barely misses the jackal.
The jackal barely misses you. The jackal bites you.
You shoot a sling bullet.
The sling bullet barely misses the jackal.
The jackal bites you but does no damage.
The jackal bites you.
You are too injured to fight recklessly!
You are too injured to fight recklessly!
You are too injured to fight recklessly!
Fire: a) +1 sling
Press: ? - help, Q - select action, (/) - cycle Shift-Dir - straight line, f/p - jackal
Aim: a jackal (47% to hit)
You shoot a sling bullet.
The sling bullet closely misses the jackal.
The jackal closely misses you. The jackal barely misses you.
Fire: a) +1 sling
Press: ? - help, Q - select action, (/) - cycle Shift-Dir - straight line, f/p - jackal
Aim: a jackal (47% to hit)
You shoot a sling bullet.
The sling bullet closely misses the jackal.
The jackal bites you but does no damage.
The jackal bites you.
Fire: a) +1 sling
Press: ? - help, Q - select action, (/) - cycle Shift-Dir - straight line, f/p - jackal
Aim: a jackal (47% to hit)
You shoot a sling bullet.
The sling bullet barely misses the jackal.
The jackal misses you.
The jackal bites you but does no damage.
Fire: a) +1 sling
Press: ? - help, Q - select action, (/) - cycle Shift-Dir - straight line, f/p - jackal
Aim: a jackal (47% to hit)
You shoot a sling bullet. The sling bullet hits the jackal.
You kill the jackal!
Fire: a) +1 sling
Press: ? - help, Q - select action, (/) - cycle Shift-Dir - straight line, f - you Really target yourself? [Y]es or [N]o only, please.
Really target yourself?
Okay, then.
Unknown command.
HP restored.
You see here a jackal corpse.
You see here a jackal corpse.
f - a ruby potion You see here a jackal corpse.
You see here a jackal corpse.
g - a viscous puce potion
h - a +6 ring of intelligence You feel clever.
h - a +6 ring of intelligence (left hand)
i - a scroll labelled DIASEAGAER A kobold comes into view.
It is wielding a +0 dagger.
You shoot a sling bullet. The sling bullet hits the kobold.
The kobold is heavily wounded.
The kobold hits you with a +0 dagger.
You shoot a sling bullet. The sling bullet hits the kobold.
You kill the kobold!
A hobgoblin comes into view.
The hobgoblin shouts!
Things that are here:
a +0 dagger; a stone; a kobold corpse
j - a +0 dagger You shoot a sling bullet.
The sling bullet completely misses the hobgoblin.
The hobgoblin closely misses you.
You shoot a sling bullet. The sling bullet hits the hobgoblin.
The hobgoblin is moderately wounded.
The hobgoblin closely misses you. The hobgoblin hits you.
You shoot a sling bullet.
The sling bullet barely misses the hobgoblin.
The hobgoblin hits you.
You are too injured to fight recklessly!
You are too injured to fight recklessly!
You are too injured to fight recklessly!
Casting: Slow (safe; 5% risk of failure)
Confirm with . or Enter, or press ? or * to list all spells.
Aiming: Slow (safe; 5% risk of failure)
Press: ? - help, Shift-Dir - straight line, f/p - hobgoblin
Aim: a hobgoblin (moderately wounded, chance to affect: 63%)
The hobgoblin seems to slow down.
Found a Young Poisoner's Handbook.
The hobgoblin is no longer moving slowly.
You shoot a sling bullet. The sling bullet hits the hobgoblin.
The hobgoblin is heavily wounded.
You shoot a sling bullet. The sling bullet hits the hobgoblin.
The hobgoblin is severely wounded.
You shoot a sling bullet.
The sling bullet closely misses the hobgoblin.
The hobgoblin hits you.
You shoot a sling bullet. The sling bullet hits the hobgoblin.
You kill the hobgoblin!
You have reached level 2!
You see here a hobgoblin corpse.
You pick up a Young Poisoner's Handbook and begin reading...
You add the spells Sting, Poisonous Vapours and Olgreb's Toxic Radiance to your library.
k - a scroll labelled XURIUPH FAPT
Found a stone staircase leading down.
A hobgoblin comes into view.
The hobgoblin shouts!
You shoot a sling bullet.
The sling bullet closely misses the hobgoblin.
You shoot a sling bullet. The sling bullet hits the hobgoblin.
The hobgoblin is heavily wounded.
You shoot a sling bullet. The sling bullet hits the hobgoblin.
You kill the hobgoblin!
No target in view!
No target in view!
l - a scroll labelled GOEPEY ORUSKURHURCH A goblin comes into view.
It is wielding a +0 dagger.
You shoot a sling bullet.
The sling bullet hits the goblin but does no damage.
The goblin shouts!
You shoot a sling bullet.
The sling bullet closely misses the goblin.
You shoot a sling bullet. The sling bullet hits the goblin!
You kill the goblin!
No target in view!
No target in view!
A kobold comes into view. It is wielding a +0 short sword.
The kobold shouts!
You shoot a sling bullet. The sling bullet hits the kobold.
The kobold is heavily wounded.
You shoot a sling bullet. The sling bullet hits the kobold.
You kill the kobold!
No target in view!
No target in view!
Found a stone staircase leading down.
m - a scroll labelled UPUOHO JOSMED
Found a short sword.
A hobgoblin comes into view.
You shoot a sling bullet.
The sling bullet closely misses the hobgoblin.
The hobgoblin closely misses you.
You shoot a sling bullet.
The sling bullet closely misses the hobgoblin.
The hobgoblin closely misses you. x2
You shoot a sling bullet.
The sling bullet barely misses the hobgoblin.
The hobgoblin hits you.
You shoot a sling bullet. The sling bullet hits the hobgoblin.
You kill the hobgoblin!
No target in view!
A goblin comes into view. It is wielding a +0 dagger.
The goblin shouts!
You shoot a sling bullet.
The sling bullet hits the goblin but does no damage.
You shoot a sling bullet.
The sling bullet closely misses the goblin.
You shoot a sling bullet.
The sling bullet barely misses the goblin.
The goblin barely misses you.
You shoot a sling bullet.
The sling bullet closely misses the goblin.
The goblin misses you.
You shoot a sling bullet.
The sling bullet closely misses the goblin.
The goblin hits you with a +0 dagger. The goblin hits you but does no damage.
You shoot a sling bullet.
The sling bullet barely misses the goblin.
The goblin hits you with a +0 dagger.
You shoot a sling bullet. The sling bullet hits the goblin.
The goblin is heavily wounded.
The goblin barely misses you.
You shoot a sling bullet.
The sling bullet closely misses the goblin.
The goblin hits you but does no damage. The goblin misses you.
You shoot a sling bullet.
The sling bullet barely misses the goblin.
The goblin completely misses you.
You shoot a sling bullet.
The sling bullet barely misses the goblin.
The goblin hits you with a +0 dagger.
You shoot a sling bullet. The sling bullet hits the goblin.
The goblin is severely wounded.
The goblin misses you. The goblin hits you but does no damage.
You shoot a sling bullet. The sling bullet hits the goblin.
You kill the goblin!
No target in view!
You see here a +0 dagger.
Found a mace.
You now have 55 gold pieces (gained 12).
You see here a +0 cloak.
n - a +0 cloak You start putting on your armour.
You continue putting on your +0 cloak. x4
You finish putting on your +0 cloak.
Found a chain mail.
An endoplasm comes into view.
You shoot a sling bullet. The sling bullet hits the endoplasm.
The endoplasm is lightly wounded.
You shoot a sling bullet. The sling bullet hits the endoplasm.
The endoplasm is heavily wounded.
You shoot a sling bullet. The sling bullet hits the endoplasm.
You kill the endoplasm!
No target in view!
A goblin comes into view. It is wielding a +0 club.
You shoot a sling bullet. The sling bullet hits the goblin.
The goblin shouts!
The goblin is severely wounded.
You shoot a sling bullet.
The sling bullet barely misses the goblin.
You shoot a sling bullet. The sling bullet hits the goblin.
You kill the goblin!
Your Stealth skill increases to level 1!
No target in view!
No target in view!
No target in view!
A dart slug comes into view.
You shoot a sling bullet. The sling bullet hits the dart slug.
The dart slug is heavily wounded.
You shoot a sling bullet. The sling bullet hits the dart slug.
The dart slug is severely wounded.
You shoot a sling bullet. The sling bullet hits the dart slug.
You kill the dart slug!
No target in view!
No target in view!
You open the door.
Found 4 large rocks.
There is an open door here.
There is an open door here.
You open the door.
There is an open door here.
There is an open door here.
Done exploring.
Done exploring.
There is a stone staircase leading down here.
Search for what [? for help]? d: Unknown command.
You climb downwards.
Found an escape hatch in the floor.
There is a stone staircase leading up here.
You open the door.
A bat comes into view.
You shoot a sling bullet. The sling bullet hits the bat.
The bat is moderately wounded.
The bat hits you but does no damage.
You shoot a sling bullet. The sling bullet hits the bat!
You kill the bat!
There is an open door here.
There is an open door here.
You now have 59 gold pieces (gained 4).
You enter the shallow water.
Moving in this stuff is going to be slow.
You enter the shallow water.
Moving in this stuff is going to be slow.
Found 6 stones.
You see here an orb of wrath.
o - an orb of wrath An adder comes into view.
The adder hisses angrily.
Okay, then.
Unknown command.
e - a +0 dagger (weapon)
The adder barely misses you.
You barely miss the adder. The adder closely misses you.
You closely miss the adder. The adder barely misses you. The adder bites you.
You are poisoned.
The adder poisons you!
You miss the adder.
You feel sick. The adder barely misses you.
You hit the adder.
The adder is heavily wounded.
You feel sick. The adder bites you.
You are more poisoned.
The adder poisons you!
You hit the adder.
The adder is heavily wounded.
You feel very sick. The adder bites you but does no damage.
You miss the adder.
The adder is heavily wounded.
You feel sick. The adder bites you but does no damage.
The adder barely misses you.
You completely miss the adder. Your punch misses the adder.
The adder is heavily wounded.
You feel sick. The adder barely misses you.
It was a potion of brilliance.
You feel clever all of a sudden.
You feel sick. The adder closely misses you.
It was a potion of haste.
You feel yourself speed up.
You feel sick. The adder bites you. The adder closely misses you.
You closely miss the adder.
The adder is heavily wounded.
You feel sick.
You closely miss the adder.
The adder is heavily wounded.
The adder barely misses you.
You hit the adder but do no damage.
The adder is heavily wounded.
You feel sick. The adder bites you.
* * * LOW HITPOINT WARNING * * *
You miss the adder.
The adder is heavily wounded.
You feel sick.
You are no longer poisoned.
The adder barely misses you.
You miss the adder.
The adder is heavily wounded.
The adder bites you but does no damage.
You hit the adder.
The adder is severely wounded.
The adder bites you.
* * * LOW HITPOINT WARNING * * *
You are lethally poisoned!
The adder poisons you!
You closely miss the adder.
The adder is severely wounded.
* * * LOW HITPOINT WARNING * * *
You feel sick. The adder closely misses you.
You closely miss the adder.
The adder is severely wounded.
* * * LOW HITPOINT WARNING * * *
You feel sick.
You closely miss the adder.
The adder is severely wounded.
The adder bites you.
You die...

Skill      XL: |  1  2 |
---------------+-------+-----
Fighting       | 1 |  1.4
Dodging        | 2 |  2.5
Stealth        | 1 |  1.1
Ranged Weapons | |  1.7
Spellcasting   | |  1.0
Hexes          | |  2.6

Action                     || total
---------------------------++-------
  Melee: Dagger            ||    16
   Fire: Sling             ||    70
   Cast: Slow              ||     1
    Use: Potion            ||     2
 Armour: Robe              ||    13
  Dodge: Dodged            ||    38

Levels and vault maps discovered:
D:1:      nzn_arrival_depleted_hourglass, layout_loops_ring,
          hangedman_abyss_or_decor_lesser_grid
D:2:      layout_rooms, serial_shops, nicolae_shop_bloodbath_and_beyond,
          nicolae_ecumenical_oubliette, basic_altar, serial_rivers,
          chequers_serial_rivers_marsh, chequers_serial_rivers_small_3,
          chequers_serial_rivers_room_a, chequers_serial_rivers_micro_a,
          chequers_serial_rivers_micro_c, chequers_serial_rivers_small_a

Notes
Turn   | Place    | Note
-------+----------+-------------------------------------------
     0 | D:1      | scionoferis the Demigod Hexslinger began the quest for the
                  | Orb.
     0 | D:1      | Reached XP level 1. HP: 15/15 MP: 4/4
   152 | D:1      | Reached skill level 1 in Fighting
   154 | D:1      | Reached skill level 2 in Dodging
   310 | D:1      | Reached XP level 2. HP: 16/23 MP: 5/5
   551 | D:1      | Reached skill level 1 in Stealth
   852 | D:2      | HP: 2/23 [adder (2)]
   855 | D:2      | Slain by an adder

Vanquished Creatures
  A dart slug (D:1)
  A bat (D:2)
  2 endoplasms (D:1)
  3 goblins (D:1)
  3 hobgoblins (D:1)
  4 jackals (D:1)
  A ball python (D:1)
  3 kobolds (D:1)
18 creatures vanquished.

Table legend: (Time is in decaauts)
 A = Elapsed time spent in this place.
 B = Non-inter-level travel time spent in this place.
 C = Inter-level travel time spent in this place.
 D = Time resting spent in this place.
 E = Time spent auto-exploring this place.
 F = Levels seen in this place.
 G = Mean time per level.
                   A        B        C        D        E       F      G
               +--------+--------+--------+--------+--------+-----+--------+
         Total |    875 |    852 |     23 |      0 |    658 |   2 |  437.5 |
       Dungeon |    875 |    852 |     23 |      0 |    658 |   2 |  437.5 |
               +--------+--------+--------+--------+--------+-----+--------+

Top non-repeatable levels by time:
     D:1: 811 daAuts
     D:2: 63 daAuts

Table legend:
 A = Non-vault XP
 B = Vault XP
 C = Vault XP percentage of total XP
 D = Non-vault monster count
 E = Vault monster count
 F = Vault count percentage of total count
                 A         B        C        D         E       F
            +---------+---------+-------+---------+---------+-------
      Total |      36 |       0 |   0.0 |      18 |       0 |   0.0
            +---------+---------+-------+---------+---------+-------
        D:1 |      34 |       0 |   0.0 |      17 |       0 |   0.0
        D:2 |       2 |       0 |   0.0 |       1 |       0 |   0.0
            +---------+---------+-------+---------+---------+-------
